Map: Ulrena

Players

zomba - Winner!

  • Race: Protoss Protoss
  • League: Silver
  • Spawn Location: 11:00

zidar

  • Race: Zerg Zerg
  • League: Gold
  • Spawn Location: 7:00

VOD

Have the link to the VOD?

Description

Time

  • Played on: June 20, 2016, 11:39 a.m.
  • Length: 6:22
Show
View Real Time Build Order
Export as new Build Order

zomba Protoss - Winner!

Build Orders:  

Get SALT Encoding   

  12  0:02  Probe (Chrono Boost)  
  13  0:12  Probe (Chrono Boost)  
  14  0:23  Probe (Chrono Boost)  
  15  0:29  Pylon  
  15  0:47  Probe (Chrono Boost), Forge  
  16  0:57  Probe (Chrono Boost)  
  16  0:58  Pylon  
  17  1:08  Probe (Chrono Boost)  
  18  1:18  Probe (Chrono Boost)  
  18  1:23  Photon Cannon  
  18  1:25  Photon Cannon  
  19  1:38  Pylon  
  19  1:43  Probe (Chrono Boost)  
  20  1:53  Probe (Chrono Boost)  
  21  1:54  Gateway  
  21  2:04  Probe (Chrono Boost), Photon Cannon  
  22  2:13  Photon Cannon  
  22  2:14  Probe (Chrono Boost)  
  23  2:22  Photon Cannon  
  23  2:26  Assimilator  
  23  2:28  Probe (Chrono Boost)  
  24  2:30  Assimilator  
  24  2:38  Probe (Chrono Boost)  
  25  2:49  Probe (Chrono Boost), Photon Cannon  
  26  2:55  Photon Cannon  
  26  3:00  Probe (Chrono Boost)  
  27  3:11  Pylon  
  27  3:14  Pylon  
  27  3:18  Cybernetics Core  
  27  3:21  Pylon  
  27  3:30  Pylon  
  27  3:35  Pylon  
  27  3:39  Photon Cannon  
  27  3:59  Photon Cannon  
  27  4:00  Stargate  
  27  4:02  Stargate  
  27  4:07  Probe (Chrono Boost)  
  28  4:18  Probe (Chrono Boost)  
  28  4:20  Photon Cannon  
  29  4:28  Probe (Chrono Boost)  
  30  4:39  Probe (Chrono Boost)  
  30  4:40  Photon Cannon  
  30  4:42  Zealot  
  33  4:49  Probe (Chrono Boost)  
  34  4:58  Void Ray  
  39  5:00  Probe (Chrono Boost)  
  39  5:09  Void Ray  
  43  5:18  Pylon  
  43  5:38  Nexus  
  47  5:58  Pylon  
  47  6:03  Pylon  
Show
View Real Time Build Order
Export as new Build Order

zidar Zerg 

Build Orders: Pool First 

Get SALT Encoding   

  12  0:01  Drone  
  13  0:12  Overlord  
  13  0:17  Drone  
  14  0:30  Drone x2  
  16  0:44  Spawning Pool  
  16  0:47  Drone  
  16  1:14  Drone  
  16  1:17  Extractor, Hatchery  
  15  1:20  Drone  
  16  1:28  Drone  
  12  2:13  Roach Warren, Drone x2  
  13  2:20  Drone  
  15  2:38  Spine Crawler  
  15  2:40  Spine Crawler  
  15  2:41  Drone x2  
  15  2:46  Drone  
  16  2:53  Lair  
  16  3:03  Drone  
  17  3:13  Extractor  
  17  3:19  Drone x2  
  18  3:53  Spire  
  18  3:55  Queen  
  17  3:59  Drone x3  
  22  4:22  Overlord  
  22  5:04  Mutalisk x4  
  30  5:14  Overlord  
  30  5:29  Overseer  
  30  5:32  Mutalisk  
  30  5:33  Mutalisk  
  34  5:52  Mutalisk  
Tags
 
Matchup
PvZ
Opening
Pool First
Spawn Locations
Close Positions
Add a new tag
Caveats
  • Supply blocks, unpowered buildings, or Contaminate may cause inaccurate times.
  • Supply counts are checked every 10 seconds.